[Event "Late-Titled-Tuesday-Blitz-January-30-2024"]
[Site "Chess.com"]
[Date "2024.01.30"]
[Round "1"]
[White "VitaliyChayka"]
[Black "js20000"]
[Result "0-1"]
[WhiteElo "2439"]
[BlackElo "2766"]
[TimeControl "180+1"]
[EndTime "14:08:28 PST"]
[Termination "js20000 won by checkmate"]

1. d4 d5 2. Bf4 c5 3. e3 Nc6 4.
Nf3 cxd4 5. exd4 Bg4 6. c3 e6 7.
Nbd2 Bd6 8. Bg3 Nge7 9. Bd3 Nf5 10. Bxd6 Nxd6 11. O-O Bf5 12. Bxf5 Nxf5 13. Qb3 Nd6 14. Ne5 Qc7 15. Ndf3 O-O 16. Rfe1 Rae8 17. Re2 Ne7 18. Rae1 Qc8 19. Qa3 Nb5 20. Qa4 a6 21. Nd3 Nf5 22. Nc5 Nbd6 23. Ne5 Rd8 24. f3 Rfe8 25. Qa5 f6 26. Ned3 e5 27. dxe5 Nc4 28. Qb4 a5 29. Qxb7 fxe5 30. Qxc8 Rxc8 31. Nd7 e4 32. fxe4 dxe4 33.
Rxe4 Rxe4 34. Rxe4 Nfd6 35. Re7 Nf5 36. Re6 Rd8 37. N7e5 Nxe5 38. Nxe5 Rd1+ 39. Kf2 g6 40.
Re8+ Kg7 41. Nc4 Nh6 42. Nxa5 Rd2+ 43. Re2 Ng4+ 44. Ke1 Rd5 45. h3 Ne5 46. Nb3 Nd3+ 47. Kf1 Nf4 48. Re7+ Kf6 49. Rxh7 Rd1+ 50. Kf2 Rb1 51.
Kf3 Ne6 52. Nd4 Ng5+ 53. Ke3 Nxh7 54. b4 Ng5 55. a4 Nf7 56. a5 Nd6 57. Kd3 Rd1+ 58.
Kc2 Rg1 59. g4 Rg2+ 60. Kb3 Rg3 61. b5 Ke7 62. Kb4 Kd7 63. c4 Rg1 64. a6 Rb1+ 65. Kc5 Rc1 66. a7 Rxc4+ 67. Kb6 Nc8+ 68. Kb7 Rc7+ 69. Ka6 Rxa7# 0-1

[Event "Late-Titled-Tuesday-Blitz-January-30-2024"]
[Site "Chess.com"]
[Date "2024.01.30"]
[Round "1"]
[White "Eloist"]
[Black "Agibileg"]
[Result "1-0"]
[WhiteElo "2447"]
[BlackElo "2732"]
[TimeControl "180+1"]
[EndTime "14:08:28 PST"]
[Termination "Eloist won by resignation"]

1. e4 e5 2. Bc4 Nc6 3. Nf3 Nf6 4. d3 h6 5. O-O d6 6. a4 g5 7. Nbd2 Bg7 8. a5 a6 9. Bb3 g4 10. Ne1 h5 11. Nc4 Be6 12. f4 exf4 13. Bxf4 h4 14. Bg5 Rh5 15. Qd2 Qe7 16. Qf4 Nd4 17. Bxf6 Ne2+ 18.
Kh1 Ng3+ 19. hxg3 Bxf6 20. Qxf6 Qxf6 21. Rxf6 Ke7 22. Rxe6+ fxe6 23. Kh2 Rf8 24. gxh4 Rxh4+ 25. Kg3 Rh1 26. Ne3 c5 27. c3 Kf6 28. N1c2 Rxa1 29. Nxa1 Kg5 30. Nac2 Kf6 31. d4 cxd4 32. Nxd4 Ke5 33.
Nxe6 Rh8 34. Nxg4+ Kxe4 35. Ng5+ Kd3 36. Nf7 Rh1 37.
Nxd6 Rb1 38. Bc4+ Kd2 39. b3 Kxc3 40. Ne5 Kb4 41. Nxb7 Re1 42. Nc6+ Kc3 43. Kf2 Ra1 44. g4 Ra2+ 45. Ke3 Ra1 46. g5 Rg1 47. Kf4 Rf1+ 48. Ke5 Re1+ 49. Kf6 Re8 50. g6 Rc8 51. Ne7 Rb8 52. Nc5 Rc8 53. g7 Kb4 54. g8=Q Rxg8 55. Nxg8 Kxc5 56. Ke5 Kb4 57. Bxa6 Kxa5 58. Bc4 Kb4 59.
Kd4 1-0

[Event "Late-Titled-Tuesday-Blitz-January-30-2024"]
[Site "Chess.com"]
[Date "2024.01.30"]
[Round "1"]
[White "The_Machine04"]
[Black "Atousa"]
[Result "1-0"]
[WhiteElo "2733"]
[BlackElo "2418"]
[TimeControl "180+1"]
[EndTime "14:08:28 PST"]
[Termination "The_Machine04 won by resignation"]

1. d4 Nf6 2. Nf3 e6 3. Nbd2 d5 4. e3 c5 5. c3 Nc6 6. Bd3 Bd6 7. O-O O-O 8. dxc5 Bxc5 9. b4 Bd6 10. Bb2 Bd7 11. a3 Rc8 12. c4 a6 13. Rc1 Qe7 14. Qe2 Rfd8 15. Rfd1 h6 16. g3 e5 17.
cxd5 Nxd5 18. Ne4 Bg4 19. Nxd6 Rxd6 20. e4 Rf6 21. exd5 Bxf3 22. Qe3 Bxd5 23. Be4 Bxe4 24. Qxe4 Re8 25. Rd5 Rd6 26. Rcd1 Rxd5 27. Rxd5 Qe6 28. b5 axb5 29. Rxb5 Qd7 30. h4 Re7 31. a4 Qd1+ 32. Kg2 Qd7 33. a5 Qe6 34. Rb6 f5 35.
Qc2 Qd5+ 36. Kh2 Rc7 37. Qxf5 Qf7 38. Qxf7+ Kxf7 39. a6 bxa6 40. Rxa6 Nd4 41. Bxd4 exd4 42. Rd6 Rc4 43. Rd7+ Kf6 44. Kg2 g6 45. Rd6+ Kf7 46. Kf3 h5 47. Ke4 Rc2 48. Kf3 Rc3+ 49. Kf4 Rc2 50. f3 Rd2 51. Ke4 Rg2 52. Kf4 Rd2 53. Kg5 Rg2 54. g4 hxg4 55. fxg4 Rd2 56. Rxg6 d3 57.
Rd6 Rd1 58. h5 Ke7 59. Rd4 Ke6 60. Kg6 Ke5 61. Rd8 Ke4 62. g5 Ra1 63. h6 Ra6+ 64.
Kh5 Ra5 65. h7 Ra1 66. h8=Q Rh1+ 67. Kg6 Rxh8 68. Rxh8 d2 69. Rd8 Ke3 70. Kf6 1-0

[Event "Late-Titled-Tuesday-Blitz-January-30-2024"]
[Site "Chess.com"]
[Date "2024.01.30"]
[Round "1"]
[White "mbojan"]
[Black "WPWPWP-2015"]
[Result "1-0"]
[WhiteElo "2852"]
[BlackElo "2485"]
[TimeControl "180+1"]
[EndTime "14:08:29 PST"]
[Termination "mbojan won on time"]

1. h4 Nf6 2. h5 h6 3. f3 e5 4. e4 d5 5. Nc3 Bc5 6. exd5 Nxd5 7.
Ne4 Be7 8. Nh3 f5 9. Nef2 Bc5 10. Bc4 Be6 11. Qe2 Nc6 12. c3 O-O 13. d4 Bd6 14. Nf4 Nxf4 15. Bxf4 Bf7 16. dxe5 Nxe5 17. Bxf7+ Nxf7 18. Qd2 Re8+ 19. Kf1 Bxf4 20. Qxf4 Qd5 21. Rh4 Rad8 22. Kg1 Qc5 23. Qc4 Qe3 24. Rf1 Rd2 25.
Rd4 Rxb2 26. Rd7 Qe6 27. Qxe6 Rxe6 28. Rxc7 Ne5 29. Nh3 Ra6 30. Nf4 Rc6 31. Rxc6 Nxc6 32. Rd1 Kf7 33. Rd7+ Kf6 34. Nd5+ Ke6 35. Rxg7 Kxd5 36.
Rg6 Ne5 37. Rxh6 Rxa2 38. Rh8 Ra6 39. Kf2 Nf7 40. Rf8 Ke6 41. g4 fxg4 42. fxg4 Ke7 43.
Rb8 Rb6 44. Kg3 a5 45. Kf4 a4 46. Ra8 Ra6 47. Rb8 Ra7 48. g5 a3 49. g6 a2 50. g7 Nh6 51. Kg5 a1=Q 52. Kxh6 Qc1+ 53. Kh7 Qc2+ 54. Kh8 Qxc3 55. h6 Ra6 56. h7 Rg6 57.
Rxb7+ Kd8 58. Ra7 Kc8 59. Rf7 Qe5 60. Kg8 Qe8+ 61. Rf8 Kd8 62. Rxe8+ Kxe8 63. h8=Q Rf6 64. Qh5+ Ke7 65. Kh7 1-0

[Event "Late-Titled-Tuesday-Blitz-January-30-2024"]
[Site "Chess.com"]
[Date "2024.01.30"]
[Round "1"]
[White "FrankDux44"]
[Black "AndreyNeves"]
[Result "1-0"]
[WhiteElo "2563"]
[BlackElo "2072"]
[TimeControl "180+1"]
[EndTime "14:08:29 PST"]
[Termination "FrankDux44 won by resignation"]

1. d4 d5 2. c4 e6 3. Nc3 Nf6 4.
cxd5 exd5 5. Bg5 c6 6. e3 Be7 7. Bd3 O-O 8. Qc2 h6 9. Bh4 Re8 10. Nge2 b5 11. O-O a5 12. a4 b4 13. Nb1 Ba6 14. Nd2 Bxd3 15. Qxd3 Ne4 16. Bxe7 Qxe7 17.
Rac1 f5 18. Nxe4 fxe4 19. Qc2 Rf8 20. Qc5 Qe8 21. Qb6 Rf6 22. Qb7 Ra6 23. Rc2 Rf7 24.
Qxa6 Nxa6 25. Rfc1 Rf6 26. b3 g5 27. h3 Nb8 28.
Ng3 Qf7 29. Rd2 h5 30. Rc5 h4 31. Nf1 Qc7 32. Nh2 Nd7 33. Rc1 Rg6 34. Ng4 Kg7 35. Rdc2 c5 36. dxc5 Ne5 37. Nxe5 Qxe5 38. c6 Qc7 39. Rc5 g4 40. hxg4 Rxg4 41. Rxd5 Kf6 42.
Rd7 Qc8 43. Kf1 h3 44. gxh3 Rh4 45. c7 Rxh3 46. Rd8 Qg4 47. Rc6+ Ke7 48. Re8+ Kf7 49. Rf8+ Kg7 50. Rg8+ Kxg8 51. c8=Q+ Qxc8 52. Rxc8+ Kf7 53. Rc5 Ke6 54. Rxa5 Rh1+ 55. Kg2 Rb1 56. Rb5 Rxb3 57. a5 Kd6 58. a6 Kc6 59. a7 Ra3 60. Rxb4 Rxa7 61. Rxe4 Rh7 62. Rd4 Rg7+ 63. Kf3 Rf7+ 64. Ke2 1-0

[Event "Late-Titled-Tuesday-Blitz-January-30-2024"]
[Site "Chess.com"]
[Date "2024.01.30"]
[Round "1"]
[White "sakkikuska"]
[Black "maurovargas01"]
[Result "1-0"]
[WhiteElo "2544"]
[BlackElo "1856"]
[TimeControl "180+1"]
[EndTime "14:08:29 PST"]
[Termination "sakkikuska won on time"]

1. e4 d5 2. exd5 Qxd5 3. Nc3 Qa5 4. d4 c6 5. Bd2 Qc7 6. Bc4 Nf6 7. Nf3 Bg4 8. h3 Bh5 9. O-O e6 10. Re1 Bd6 11.
Qe2 O-O 12. Rad1 Nbd7 13. Bd3 Rfe8 14. Ne4 Nxe4 15. Qxe4 Bg6 16. Qe3 e5 17. Bxg6 hxg6 18. dxe5 Nxe5 19. Nxe5 Bxe5 20. Qb3 Bh2+ 21. Kh1 Be5 22.
Be3 Bf6 23. c3 Rad8 24. Bxa7 Rxd1 25. Rxd1 Re2 26. Be3 Qe7 27. Qb6 Be5 28. Kg1 Bc7 29.
Qb3 Qe5 30. Kf1 Rxe3 31. fxe3 Qxe3 32. c4 Qf4+ 33. Ke2 Qe4+ 34. Qe3 Qc2+ 35. Rd2 Qxc4+ 36. Qd3 Qe6+ 37. Kd1 Qxa2 38. Kc2 Qa4+ 39. Kb1 Qb4 40. g4 Bf4 41. Re2 Qc5 42. Ka2 Qa5+ 43. Kb1 Qc5 44. Rc2 Qg1+ 45. Ka2 Qa7+ 46. Qa3 Qg1 47. Qb3 Qa7+ 48.
Qa3 Qxa3+ 49. Kxa3 Bd6+ 50. Ka4 Kf8 51. Ka5 Ke7 52.
Kb6 1-0

[Event "Late-Titled-Tuesday-Blitz-January-30-2024"]
[Site "Chess.com"]
[Date "2024.01.30"]
[Round "1"]
[White "temus_galaktionov"]
[Black "toninhojit"]
[Result "1-0"]
[WhiteElo "2870"]
[BlackElo "2493"]
[TimeControl "180+1"]
[EndTime "14:08:31 PST"]
[Termination "temus_galaktionov won by resignation"]

1. d4 Nf6 2. Nf3 c5 3. d5 e6 4.
c4 exd5 5. cxd5 d6 6. Nc3 g6 7. h3 Bg7 8. e4 O-O 9. Bd3 Re8 10.
O-O a6 11. a4 Qc7 12. Re1 Nbd7 13. Bf4 Rb8 14. Bf1 Nh5 15. Bh2 Ne5 16. Be2 Nxf3+ 17. Bxf3 Nf6 18. e5 dxe5 19. d6 Qd8 20. Bxe5 Nd7 21.
Bxg7 Rxe1+ 22. Qxe1 Kxg7 23. Qd2 Nf6 24. Re1 Be6 25. Re5 b6 26. Be2 Nd7 27. Re3 c4 28.
Bxc4 Bxc4 29. Qd4+ Qf6 30. Qxc4 Qxd6 31. Qxa6 Nc5 32.
Qc4 Rd8 33. g3 Rd7 34. Re1 Qd4 35. Qb5 Nd3 36. Re3 Rd6 37. h4 Nc5 38. b4 Ne6 39. Qe5+ Qxe5 40. Rxe5 Rc6 41. Ne2 Rc2 42. Kf1 Ra2 43. Rb5 Rxa4 44. Rxb6 Ra2 45. Ke1 Rb2 46. Kd1 Nc7 47. Nc3 Rxf2 48. Rc6 Ne6 49. b5 Nd4 50. Rc4 Nf5 51. Kc1 Ne3 52. Rc5 Nc2 53. Nd1 Nd4 54.
Nxf2 Nb3+ 55. Kc2 Nxc5 56. Kc3 f5 57. Kd4 Nb7 58. Kd5 Kf7 59. Nd3 Ke7 60. Nc5 Na5 61.
b6 Kd8 62. Kd6 h6 63. Ke6 g5 64. Kxf5 gxh4 65. gxh4 Kc8 66. Kg6 Nc4 67. b7+ Kb8 68.
Kxh6 Ne5 69. h5 Ng4+ 70. Kg7 Ne5 71. h6 Nd7 72. Nxd7+ Kxb7 73. Nf6 1-0

[Event "Late-Titled-Tuesday-Blitz-January-30-2024"]
[Site "Chess.com"]
[Date "2024.01.30"]
[Round "1"]
[White "TheoSlade"]
[Black "Mahan_83"]
[Result "1/2-1/2"]
[WhiteElo "2466"]
[BlackElo "2777"]
[TimeControl "180+1"]
[EndTime "14:08:33 PST"]
[Termination "Game drawn by repetition"]

1. d4 Nf6 2. c4 e6 3. g3 d5 4. Bg2 Be7 5. Nf3 O-O 6. O-O dxc4 7. Qc2 b5 8. a4 b4 9. Qxc4 Bb7 10.
Bg5 Nbd7 11. Nbd2 h6 12. Bxf6 Nxf6 13. Rac1 Bd6 14. Nb3 a5 15. Nc5 Bd5 16. Qc2 Bxc5 17.
Qxc5 c6 18. Ne5 Rc8 19. Bxd5 cxd5 20. Nc6 Rxc6 21. Qxc6 Ne4 22. Qc7 Qf6 23. e3 Nd2 24. Rfd1 Ne4 25. Qf4 Qe7 26. Rc7 Qd8 27. Rdc1 Ng5 28.
Kg2 Qe8 29. b3 Ne4 30. Rc8 Qxc8 31. Rxc8 Rxc8 32. f3 Rc2+ 33. Kg1 Ng5 34. Qg4 f5 35. Qh5 Kh7 36. f4 g6 37. Qd1 Nh3+ 38. Kf1 Rxh2 39. Qd3 Nf2 40. Qb5 Ne4 41. Qd7+ Kh8 42. Qe8+ Kg7 43.
Qe7+ Kh8 44. Qxe6 Nxg3+ 45. Kg1 Ra2 46. Qe5+ Kh7 47. Qc7+ Kh8 48. Qxa5 Ne2+ 49. Kf1 Ng3+ 50. Ke1 h5 51. Qd8+ Kh7 52. Qe7+ Kh8 53. Qf8+ Kh7 54.
Qf7+ Kh6 55. Qf8+ Kh7 56. Qf7+ Kh6 57. Qxd5 Ra1+ 58. Kf2 Ne4+ 59. Kg2 Ra2+ 60. Kg1 Ra1+ 61. Kg2 Ra2+ 62. Kg1 Ra1+ 63. Kg2 1/2-1/2

[Event "Late-Titled-Tuesday-Blitz-January-30-2024"]
[Site "Chess.com"]
[Date "2024.01.30"]
[Round "1"]
[White "GP9isback23"]
[Black "Hui_Li_Macau"]
[Result "1-0"]
[WhiteElo "2639"]
[BlackElo "2319"]
[TimeControl "180+1"]
[EndTime "14:08:37 PST"]
[Termination "GP9isback23 won on time"]

1. d4 d5 2. Nf3 Nf6 3. c4 e6 4. Nc3 Be7 5. Bg5 O-O 6. e3 h6 7. Bh4 Ne4 8. Bxe7 Qxe7 9. Nxe4 dxe4 10. Nd2 f5 11. Be2 e5 12. d5 a5 13. O-O Na6 14.
Rc1 Nc5 15. Qc2 Bd7 16. Nb3 Ba4 17. Qc3 Bxb3 18. axb3 b6 19. f3 Rad8 20. f4 exf4 21.
Rxf4 Qf6 22. Qc2 Qe5 23. Rcf1 g6 24. g3 Kg7 25. R4f2 Rde8 26. Kg2 Rd8 27. h3 Rde8 28. h4 h5 29. Rf4 Kg8 30. Rd1 Rd8 31. Rd2 Na6 32. Qc3 Qxc3 33. bxc3 Nc5 34. b4 Nb7 35. Rf1 Rfe8 36. Rb1 Rd6 37. Rc2 Kg7 38. Kf2 Ra8 39.
Rcb2 Rdd8 40. Ke1 axb4 41. cxb4 Ra3 42. Kf2 Rda8 43. Rc2 Ra2 44. Rbc1 Kf6 45. c5 bxc5 46. bxc5 Ke7 47. Ke1 R2a3 48. Rc3 Ra2 49. Rb3 Na5 50.
Rb4 Ra7 51. d6+ cxd6 52. c6 Rc7 53. Rb6 Ra3 54. Kf2 Ra2 55. Ra6 Ra3 56. Rc2 d5 57. Rc5 Nc4 58. Bxc4 Rxa6 59. Bxa6 Kd6 60. Rc1 Rxc6 61.
Rxc6+ Kxc6 62. Ke2 Kd6 63. Bb5 Ke5 64. Be8 Kf6 65. Kd2 g5 66. Kc3 gxh4 67. gxh4 Ke5 68. Bxh5 f4 69. Kd2 1-0

[Event "Late-Titled-Tuesday-Blitz-January-30-2024"]
[Site "Chess.com"]
[Date "2024.01.30"]
[Round "1"]
[White "Siniauski"]
[Black "Viktor_Poddubnyi"]
[Result "0-1"]
[WhiteElo "2608"]
[BlackElo "2318"]
[TimeControl "180+1"]
[EndTime "14:08:38 PST"]
[Termination "Viktor_Poddubnyi won on time"]

1. e4 g6 2. d4 Bg7 3. c3 d6 4. Bd3 Nf6 5. Qe2 e5 6. Bg5 h6 7. Be3 O-O 8. h3 Nc6 9. Nf3 exd4 10. cxd4 Nb4 11. Nc3 Nxd3+ 12. Qxd3 b6 13. O-O-O Bb7 14.
Nd2 a6 15. g4 b5 16. f3 b4 17. Ne2 a5 18. h4 Ba6 19. Nc4 d5 20. exd5 Qxd5 21.
b3 Qxf3 22. Rdf1 Qxg4 23. Rhg1 Qe4 24. Qxe4 Nxe4 25. Nf4 Rae8 26. Re1 Bxc4 27. bxc4 Nc3 28. Bf2 Nxa2+ 29. Kb2 Nc3 30. Nd3 Ne4 31. Be3 Nd6 32. Kb3 Rxe3 33. Rxe3 Bxd4 34. Rge1 Bxe3 35. Rxe3 Re8 36. Rf3 f5 37. c5 Ne4 38. Ka4 Rd8 39.
Kxa5 b3 40. Kb4 Kf7 41. Ne5+ Kf6 42. Nc6 Rd1 43. Rxb3 g5 44. hxg5+ hxg5 45. Ra3 Rb1+ 46. Kc4 Rc1+ 47. Kd4 Rxc5 48. Nb4 Rc1 49. Ra6+ Kf7 50. Ke5 c5 51. Nd5 Rf1 52. Ra7+ Kg6 53. Ne7+ Kh5 54. Nxf5 Nd2 55. Rh7+ Kg4 56. Ne3+ Kf3 57. Nxf1 Nxf1 58. Rg7 g4 59. Rf7+ Ke2 60. Rc7 g3 61. Rxc5 g2 62. Rc2+ Nd2 63. Rc1 Nf3+ 64. Kf4 Ne1 0-1

[Event "Late-Titled-Tuesday-Blitz-January-30-2024"]
[Site "Chess.com"]
[Date "2024.01.30"]
[Round "1"]
[White "CarlosjPineror"]
[Black "Narek_Ghimoyan"]
[Result "1-0"]
[WhiteElo "2684"]
[BlackElo "2385"]
[TimeControl "180+1"]
[EndTime "14:08:39 PST"]
[Termination "CarlosjPineror won by resignation"]

1. e4 e6 2. d3 d5 3. Nd2 Nf6 4. Ngf3 Be7 5. c3 O-O 6. Qc2 c5 7. Be2 Nc6 8. O-O b6 9. Re1 Bb7 10. Nf1 Rc8 11. Ng3 Qc7 12. Bf1 Rfd8 13. e5 Nd7 14.
Bf4 Nf8 15. Qd2 Ng6 16. h4 d4 17. c4 Nb4 18. a3 Nxf4 19. axb4 Ng6 20. h5 Nf8 21. b5 Nd7 22. Rxa7 Qb8 23. Rxb7 Qxb7 24. h6 g6 25. Qf4 Qc7 26. Ne4 f6 27. g3 f5 28.
Neg5 Nf8 29. Bg2 Ra8 30. Nh4 Ra2 31. Bc6 Qb8 32. Nhf3 Qa7 33. Qc1 Qa5 34. Kg2 Qb4 35. Re2 Qb3 36. Rd2 Rc8 37. Nxe6 Nxe6 38. Bd7 Rca8 39.
Bxe6+ Kf8 40. Bd5 Ra1 41. Qc2 Qxc2 42. Rxc2 Rd1 43. e6 Bf6 44. Re2 Ke7 45. Bxa8 Rxd3 46.
Bd5 Rd1 47. Rd2 Rb1 48. Ng1 g5 49. f4 g4 50. Ne2 Kd6 51. Kf2 Be7 52. Kg2 Bf8 53. Kf2 Bxh6 54. Rd3 Rxb2 55. Ra3 Bf8 56. Ke1 Rb1+ 57. Kd2 Rb2+ 58. Kd3 Ke7 59. Ra7+ Ke8 60.
Bc6+ Kd8 61. Rd7+ Kc8 62. e7 Bxe7 63. Rxe7 Rb3+ 64. Kc2 Ra3 65. Nc1 Rc3+ 66. Kd2 Rxg3 67. Nd3 Rh3 68. Ne5 Rh2+ 69. Kd3 Rh3+ 70. Ke2 Rh2+ 71. Kf1 d3 72. Nxd3 g3 73. Rg7 Rc2 74. Rxg3 Rxc4 75. Ne5 Rxf4+ 76. Ke2 Rb4 77. Rg7 c4 78.
Nf7 Rb2+ 79. Ke3 Rb3+ 80. Kd4 c3 81. Nd6+ Kb8 82. Rb7+ Ka8 83. Nc8 Rxb5 84. Ra7+ Kb8 85.
Bxb5 c2 86. Ra1 Kxc8 87. Rc1 Kc7 88. Rxc2+ 1-0

[Event "Late-Titled-Tuesday-Blitz-January-30-2024"]
[Site "Chess.com"]
[Date "2024.01.30"]
[Round "1"]
[White "MikaelyanArman"]
[Black "tusplingher"]
[Result "1-0"]
[WhiteElo "2862"]
[BlackElo "2487"]
[TimeControl "180+1"]
[EndTime "14:08:45 PST"]
[Termination "MikaelyanArman won by resignation"]

1. d4 Nf6 2. c4 e6 3. Nf3 Bb4+ 4. Nbd2 b6 5. g3 Bb7 6. Bg2 O-O 7. O-O Bxd2 8. Qxd2 Ne4 9. Qc2 f5 10. Ng5 Nd6 11.
Bxb7 Nxb7 12. d5 h6 13. Nf3 Nd6 14. Bf4 Na6 15. Rad1 Qe7 16. Ne5 Rf6 17. Nd3 Ne4 18.
Be5 Rff8 19. dxe6 dxe6 20. Nf4 Rfd8 21. Nd3 Nac5 22. b4 Nxd3 23. exd3 Ng5 24. f4 Nf7 25. Bc3 Qd7 26. Rfe1 Re8 27. Re3 Rad8 28. Rde1 g5 29. Qe2 gxf4 30. gxf4 Kh7 31. Rg3 Rg8 32. Bf6 Rxg3+ 33.
hxg3 Qxd3 34. Bxd8 Qxg3+ 35. Kf1 Qxf4+ 36. Kg2 Nxd8 37. Qh5 Qd2+ 38. Re2 Qd6 39. Qe8 Qc6+ 40. Qxc6 Nxc6 41.
Rxe6 Nxb4 42. Re7+ Kg6 43. Rxc7 Nxa2 44. Rxa7 Nc3 45.
Ra6 Kf6 46. Rxb6+ Ke5 47. Rb3 Ne4 48. Rd3 f4 49. Kf3 Ng5+ 50. Ke2 Ne6 51. Rd7 h5 52. Rd5+ Ke4 53. Rd6 Ke5 54. Rd7 h4 55. Rh7 f3+ 56. Kf2 Ng5 57. Rxh4 Ne4+ 58. Kxf3 Ng5+ 59. Ke3 Ne6 60.
Rh5+ Kd6 61. Rf5 Nc7 62. Kd4 Ne6+ 63. Kc3 Nc5 64. Rf6+ Kc7 65. Rf1 Ne4+ 66. Kd4 Nd6 67. c5 Nb5+ 68. Kc4 Na3+ 69. Kd5 Nb5 70. Rf7+ Kd8 71.
Rh7 Nc7+ 72. Kc6 Ne6 73. Kd6 Nf8 74. Rh8 Ke8 75. c6 Kf7 76. Rxf8+ Kxf8 77. c7 1-0

[Event "Late-Titled-Tuesday-Blitz-January-30-2024"]
[Site "Chess.com"]
[Date "2024.01.30"]
[Round "1"]
[White "kaanadayhamle"]
[Black "farzadbfd"]
[Result "1/2-1/2"]
[WhiteElo "2394"]
[BlackElo "2678"]
[TimeControl "180+1"]
[EndTime "14:08:52 PST"]
[Termination "Game drawn - insufficient material"]

1. d4 Nf6 2. c4 e6 3. Nf3 d5 4. g3 Bb4+ 5. Bd2 Bd6 6. Bg2 c6 7. b3 O-O 8. O-O Ne4 9. Nc3 f5 10. Qc2 Nd7 11. Rfd1 Ndf6 12. h3 Nxc3 13. Bxc3 Ne4 14.
Nd2 Bd7 15. c5 Bc7 16. b4 a6 17. Rab1 g5 18. Nxe4 fxe4 19. Bd2 Be8 20. Qc1 Qf6 21. Rf1 Bd8 22. Be3 Bg6 23. a4 h6 24. b5 axb5 25. axb5 Bc7 26. bxc6 bxc6 27. Rb7 Rf7 28. Qb2 Raf8 29. Ra1 Bf4 30. Rxf7 Bxf7 31. Qd2 Bxe3 32. Qxe3 e5 33. dxe5 Qxe5 34. Ra6 Be8 35. Rb6 h5 36. h4 gxh4 37. gxh4 Qf4 38. Qxf4 Rxf4 39. Rb8 Kf7 40. Rb7+ Kf8 41. Bh3 Rxh4 42. Be6 Rf4 43.
e3 Rf6 44. Bh3 Rf7 45. Rb8 Ra7 46. Kg2 Rg7+ 47. Kh2 Ke7 48. Rb7+ Kf6 49. Rb8 Re7 50. Bf1 Ke5 51. Be2 d4 52. exd4+ Kxd4 53. Rd8+ Kxc5 54. Kg3 Kb4 55. Kf4 c5 56. Ke3 Kc3 57. Rc8 Re5 58. Kf4 Re7 59. Rxc5+ Kd2 60. Bxh5 Bxh5 61. Rxh5 Ke2 62.
Rh2 Kf1 63. Ke3 Kg1 64. Rh4 Re8 65. Rg4+ Kf1 66. Rf4 Kg2 67. Rf6 Kg1 68. Rg6+ Kf1 69. Rg4 Re7 70. Rxe4 Rxe4+ 71. Kxe4 Kxf2 1/2-1/2

[Event "Late-Titled-Tuesday-Blitz-January-30-2024"]
[Site "Chess.com"]
[Date "2024.01.30"]
[Round "1"]
[White "Kombinator01"]
[Black "alexrustemov"]
[Result "1/2-1/2"]
[WhiteElo "2464"]
[BlackElo "2773"]
[TimeControl "180+1"]
[EndTime "14:08:55 PST"]
[Termination "Game drawn by repetition"]

1. d4 d5 2. Bf4 Nf6 3. e3 c5 4.
Nd2 Nc6 5. Ngf3 Bg4 6. dxc5 e6 7.
Nb3 Bxc5 8. Nxc5 Qa5+ 9. c3 Qxc5 10. Be2 O-O 11. h3 Bh5 12. O-O Ne4 13. Rc1 Rfd8 14.
Nd4 Bxe2 15. Qxe2 Qc4 16. Qc2 Rac8 17. f3 Nc5 18. Nxc6 Rxc6 19. b3 Qd3 20. Rfd1 Qxc2 21.
Rxc2 Rdc8 22. c4 dxc4 23. Rxc4 f6 24. b4 Na4 25. Rxc6 Rxc6 26. Rd7 e5 27. Bg3 Rb6 28. Be1 h5 29. e4 Kh7 30. Kf2 Kg6 31. g4 hxg4 32. hxg4 Nb2 33. Kg3 Ra6 34. Rxb7 Rxa2 35.
Bf2 Nd3 36. Bxa7 Nf4 37. Bf2 Ne2+ 38. Kg2 Rb2 39. b5 Nc3 40. Kg3 Rxb5 41. Rxb5 Nxb5 42. Be3 Nc3 43. Bd2 Ne2+ 44. Kf2 Nd4 45. Be3 Ne6 46. Kg3 Kf7 47. f4 exf4+ 48. Bxf4 g6 49. e5 f5 50.
gxf5 gxf5 51. Bc1 Ke7 52. Ba3+ Kd7 53. Kf3 Kc6 54. Bd6 Kd5 55. Bb8 Nd4+ 56. Kf4 Ke6 57. Bd6 Ne2+ 58. Ke3 Nc3 59. Kf4 Nd5+ 60. Kf3 Nb6 61.
Kf4 Nc4 62. Bb8 Nb2 63. Bd6 Nd3+ 64. Kf3 Kd5 65. Bb8 Nb4 66. Bd6 Nc6 67. Kf4 Ke6 68. Kf3 Na5 69. Kf4 Nc4 70. Kf3 Nd2+ 71. Kf4 Ne4 72. Kf3 Nc3 73. Kf4 Nd5+ 74. Kf3 Kf7 75. Bb8 Ke7 76. Bd6+ Ke6 77. Bb8 Ne7 78. Bd6 Ng6 79.
Bb8 Nxe5+ 80. Bxe5 Kxe5 81. Ke3 f4+ 82. Kf3 Kf5 83.
Kf2 Ke4 84. Ke2 Kd4 85. Kf3 Ke5 86. Kf2 Kf5 87. Kf3 Kg5 88. Kf2 Kg4 89. Kg2 Kf5 90. Kf3 Ke5 91. Kf2 Ke4 92. Ke2 f3+ 93. Kf2 Kf4 94.
Kf1 Kg3 95. Kg1 Kg4 96. Kf2 Kf4 97. Kf1 Ke4 98. Kf2 Kf4 1/2-1/2

[Event "Late-Titled-Tuesday-Blitz-January-30-2024"]
[Site "Chess.com"]
[Date "2024.01.30"]
[Round "1"]
[White "ACollins05"]
[Black "Mikhail_Bryakin"]
[Result "0-1"]
[WhiteElo "2469"]
[BlackElo "2818"]
[TimeControl "180+1"]
[EndTime "14:09:17 PST"]
[Termination "Mikhail_Bryakin won by resignation"]

1. d4 f5 2. Nf3 g6 3. g3 Bg7 4. Bg2 d6 5. O-O Nf6 6. c4 O-O 7. Nc3 Qe8 8. d5 e5 9. dxe6 Bxe6 10. b3 Nc6 11. Bb2 Kh8 12. Re1 Bg8 13. Nd4 Nxd4 14. Qxd4 Ng4 15. Qd2 Rb8 16. Nd5 Qf7 17. Bxg7+ Qxg7 18. h3 Nf6 19. Nxf6 Qxf6 20. e4 f4 21. gxf4 Qxf4 22. Qxf4 Rxf4 23. e5 dxe5 24. Rxe5 c6 25. Rae1 Rbf8 26. R1e2 Kg7 27. Re7+ R4f7 28. a4 Rd8 29. a5 a6 30. b4 Rd7 31. Re8 Rd4 32.
R8e4 Rxe4 33. Rxe4 Rd7 34. h4 Bf7 35. Bf1 Kf6 36.
b5 c5 37. b6 Rd1 38. Rf4+ Ke7 39. Re4+ Kd6 40. Rf4 Be6 41. Rf8 Ke7 42. Rf3 Ra1 43.
Re3 Kf6 44. Rf3+ Kg7 45. Kg2 Rxa5 46. Re3 Kf6 47. Rf3+ Ke7 48. Re3 Ra4 49. Be2 Kd6 50. Rd3+ Ke5 51. Re3+ Kf6 52. Rf3+ Kg7 53. Re3 Bxc4 54.
Bxc4 Rxc4 55. Re7+ Kh6 56. Rxb7 Rxh4 57. Ra7 Ra4 58. Kg3 c4 59. Kf3 c3 60. Ke3 Rc4 61.
Rc7 Rb4 62. b7 c2 63. Kd2 Rb2 64. Kc1 Rb5 65. Kxc2 a5 66. Kc3 a4 67. Kc4 Rb2 68.
Kc3 a3 69. f4 Rb5 70. b8=Q Rxb8 71. Ra7 Rf8 72. Ra4 Kh5 73. Kd3 Kg4 74. Ke3 Kg3 75. Ra7 Rxf4 76. Rxh7 Ra4 77. Rh1 a2 78. Ra1 Kg2 79.
Ke2 g5 80. Ke3 g4 81. Ke2 g3 82. Ke3 Kh2 83. Kf3 g2 84. Rh1+ gxh1=Q+ 0-1

[Event "Late-Titled-Tuesday-Blitz-January-30-2024"]
[Site "Chess.com"]
[Date "2024.01.30"]
[Round "1"]
[White "Mazetovic"]
[Black "C_K_G"]
[Result "1-0"]
[WhiteElo "2587"]
[BlackElo "2153"]
[TimeControl "180+1"]
[EndTime "14:09:31 PST"]
[Termination "Mazetovic won by resignation"]

1. e4 c5 2. Nf3 d6 3. Bb5+ Bd7 4.
Bxd7+ Qxd7 5. O-O Nc6 6. Re1 Nf6 7. c3 e6 8. d4 cxd4 9. cxd4 Be7 10. d5 Ne5 11.
dxe6 Nxf3+ 12. Qxf3 fxe6 13. Nc3 O-O 14. Qg3 Nh5 15. Qh3 Nf4 16. Bxf4 Rxf4 17. Rad1 Raf8 18. Re2 Qc8 19. a3 a6 20. Rd3 R8f6 21. e5 dxe5 22.
Rd1 Bc5 23. Ne4 Rh6 24. Qc3 b6 25. Qxe5 Rf5 26. Qc3 Qf8 27. b4 Be7 28. Rc1 Rfh5 29. h3 Rg6 30. Kh1 h6 31. Qc8 Kh7 32. Qxf8 Bxf8 33. Rc6 Re5 34. Rxb6 Be7 35. Rxa6 Bh4 36. g3 Be7 37. Kg2 Bf8 38. Ra5 Rxa5 39. bxa5 Bxa3 40. a6 e5 41. a7 Ra6 42. Nc3 Rxa7 43. Nb5 Ra5 44.
Nxa3 Rxa3 45. Rxe5 Ra2 46. Re7 Ra6 47. g4 Ra5 48. f3 Ra6 49. Kg3 Ra5 50. h4 Ra6 51. h5 Kg8 52. f4 Ra3+ 53. Kf2 Rb3 54. Re3 Rb1 55. Kf3 Rf1+ 56. Ke4 Rg1 57. Kf5 Ra1 58. Re6 Ra5+ 59. Re5 Ra6 60. g5 hxg5 61. fxg5 Kh7 62. Rd5 Rb6 63. Kf4 Ra6 64. Kf5 Rb6 65. Re5 Ra6 66. Re6 Ra5+ 67. Kf4 Ra4+ 68. Re4 Ra5 69. Kg4 Ra6 70. Re8 g6 71. Re7+ Kg8 72. h6 Ra4+ 73. Kf3 Rb4 74. Rg7+ Kh8 75. Rxg6 Kh7 76. Rg7+ Kh8 77. Re7 Ra4 78. g6 Ra8 79. Kf4 Rc8 80. Kf5 Ra8 81. Kf6 Rb8 82. Kf7 Rg8 83. Re8 Rxe8 84.
Kxe8 Kg8 85. Ke7 Kh8 86. Kf6 Kg8 87. g7 Kh7 88. Kf7 Kxh6 89. g8=Q Kh5 90. Kf6 1-0